Map: Frozen Temple

Players

NYK

  • Race: Zerg Zerg
  • League: Grandmaster

Pokebunny - Winner!

  • Race: Terran Terran
  • League: Grandmaster

VOD

Have the link to the VOD?

Description

Time

  • Played on: April 4, 2016, 10:26 p.m.
  • Length: 6:41
Show
View Real Time Build Order
Export as new Build Order

NYK Zerg 

Build Orders: Hatch First 

Get SALT Encoding   

  12  0:01  Drone  
  13  0:12  Overlord  
  13  0:19  Drone  
  14  0:31  Drone  
  14  0:32  Drone  
  16  0:35  Drone  
  17  0:55  Hatchery  
  16  0:57  Drone  
  18  1:04  Drone  
  18  1:11  Extractor  
  18  1:18  Spawning Pool  
  16  1:21  Drone x2  
  18  1:29  Drone  
  19  2:05  Queen  
  19  2:06  Queen  
  19  2:07  Zergling x4  
  25  2:11  Metabolic Boost  
  25  2:23  Drone x3  
  27  2:39  Overlord  
  27  2:43  Spore Crawler  
  26  2:46  Overlord  
  26  2:48  Zergling x2  
  26  2:49  Zergling x2  
  29  3:03  Drone  
  29  3:04  Drone x3  
  33  3:12  Zergling x4  
  34  3:26  Hatchery  
  33  3:27  Drone x2  
  33  3:28  Drone x4  
  39  3:43  Roach Warren  
  39  3:46  Overlord x2, Extractor  
  39  3:47  Zergling x4  
  39  4:23  Overlord  
  39  4:27  Roach  
  39  4:28  Roach x9  
  59  4:37  Overlord  
  59  4:39  Zergling x8  
  63  4:47  Zergling x2  
  64  4:57  Zergling x2  
  64  4:58  Zergling x4  
  64  4:59  Ravager x4  
  70  5:02  Zergling x2  
  70  5:03  Zergling x10  
  71  5:22  Zergling x2  
  71  5:23  Zergling x12  
  71  5:26  Queen  
  80  5:31  Drone  
  61  5:52  Drone x6  
  57  5:57  Roach  
  57  5:58  Roach x2  
  57  6:02  Roach  
  57  6:12  Roach x3  
  63  6:19  Roach  
  63  6:20  Roach x2  
Show
View Real Time Build Order
Export as new Build Order

Pokebunny Terran - Winner!

Build Orders: Reaper Expand 

Get SALT Encoding   

  12  0:01  SCV  
  13  0:13  SCV  
  14  0:17  Supply Depot  
  14  0:25  SCV  
  15  0:39  SCV  
  15  0:40  Barracks  
  16  0:45  Refinery  
  16  0:51  SCV  
  17  1:03  SCV  
  18  1:15  SCV  
  19  1:28  Orbital Command  
  19  1:29  Reaper  
  20  1:40  Command Center  
  20  1:55  SCV  
  20  2:00  Supply Depot  
  21  2:03  Barracks Reactor  
  22  2:08  Barracks, SCV  
  22  2:16  Barracks  
  22  2:22  Refinery  
  22  2:25  SCV  
  23  2:39  SCV  
  23  2:41  Marine  
  23  2:42  Marine  
  26  2:51  Factory  
  26  2:53  SCV  
  26  2:54  Orbital Command  
  26  2:55  Barracks Tech Lab  
  27  3:05  SCV  
  28  3:10  Marine  
  28  3:11  Marine x2  
  31  3:15  Stimpack  
  31  3:23  Marine  
  32  3:27  Supply Depot  
  32  3:29  SCV  
  32  3:31  SCV  
  34  3:40  Factory Reactor  
  34  3:41  Starport  
  34  3:45  Marine x2  
  35  3:51  Bunker  
  35  3:52  Marine  
  35  3:53  Marine  
  37  3:57  Supply Depot  
  37  3:59  SCV  
  37  4:02  SCV  
  39  4:05  Marine x2  
  41  4:11  Marine  
  41  4:12  Marine  
  43  4:22  Marine  
  43  4:24  Medivac x2  
  46  4:25  Factory Tech Lab  
  46  4:26  Marine  
  46  4:28  SCV x2  
  46  4:30  Marine  
  52  4:32  Marine  
  53  4:40  Marine  
  53  4:42  Supply Depot  
  53  4:43  Marine  
  55  4:50  Barracks Reactor, Marine  
  55  4:51  Siege Tank  
  59  4:56  SCV x2  
  59  4:58  Marine  
  62  5:03  Marine  
  62  5:05  Supply Depot  
  63  5:15  Command Center  
  61  5:24  Siege Tank  
  61  5:25  Marine x3  
  66  5:31  Marine x2  
  68  5:42  Marine  
  68  5:43  Marine  
  68  5:47  Marine  
  68  5:49  Marine x2  
  68  5:58  Medivac  
  68  6:00  Marine  
  71  6:05  SCV x2  
  71  6:08  Medivac  
  75  6:17  Marine  
  75  6:18  Marine x2  
  78  6:22  Supply Depot  
  78  6:24  Supply Depot  
Tags
 
Add a new tag
Caveats
  • Supply blocks, unpowered buildings, or Contaminate may cause inaccurate times.
  • Supply counts are checked every 10 seconds.